 Dungeon Crawl Stone Soup version 0.21.1-1-g345015f (webtiles) character file.

234 tidbits the Charmwright (level 6, -1/50 HPs)
             Began as a Gnoll Skald on June 20, 2018.
             Slain by an orc (5 damage)
             ... on level 4 of the Dungeon.
             The game lasted 00:03:34 (368 turns).

tidbits the Charmwright (Gnoll Skald)                Turns: 368, Time: 00:03:35

Health: -1/50      AC:  3    Str: 13    XL:     6   Next: 5%
Magic:  3/13       EV: 12    Int: 17    God:
Gold:   0          SH:  0    Dex: 15    Spells: 4/15 levels left

rFire    . . .     SeeInvis .   a - +0 hand axe
rCold    . . .     Gourm    .   (no shield)
rNeg     . . .     Faith    .   b - +0 leather armour
rPois    .         Spirit   .   (no helmet)
rElec    .         Reflect  .   (no cloak)
rCorr    .         Harm     .   (no gloves)
MR       .....                  (no boots)
Stlth    ++........             (no amulet)
HPRegen  0.16/turn              g - -2 ring of evasion (curse)
MPRegen  0.13/turn              (no ring)

@: no status effects
A: distributed training, fangs 1, strong nose
a: no special abilities


You were on level 4 of the Dungeon.
You were not hungry.

You visited 1 branch of the dungeon, and saw 4 of its levels.

Inventory:

Hand Weapons
 a - a +0 hand axe (weapon)
 h - a +0 dagger
 j - a +3 mace
Missiles
 m - 6 arrows
Armour
 b - a +0 leather armour (worn)
Jewellery
 g - a cursed -2 ring of evasion (left hand)
   (You found it on level 4 of the Dungeon)
Scrolls
 f - a scroll of fear
 r - a scroll of remove curse
Potions
 e - a potion of brilliance {unknown}
 i - a potion of lignification {unknown}
 k - a potion of resistance
 l - a potion of curing
Books
 d - a book of Battle

   Spells                             Type                      Level
   a - Infusion                       Charms                       1
   b - Shroud of Golubria             Charms/Translocation         2
   c - Song of Slaying                Charms                       2
   d - Spectral Weapon                Hexes/Charms                 3
   e - Regeneration                   Charms/Necromancy            3
Comestibles
 c - a ration


   Skills:
 + Level 4.9 Fighting
 + Level 1.7 Short Blades
 + Level 1.7 Long Blades
 + Level 4.9 Axes
 + Level 1.7 Maces & Flails
 + Level 1.7 Polearms
 + Level 1.7 Staves
 + Level 1.7 Slings
 + Level 1.7 Bows
 + Level 1.7 Crossbows
 + Level 1.7 Throwing
 + Level 3.1 Armour
 + Level 4.9 Dodging
 + Level 1.7 Stealth
 + Level 1.7 Shields
 + Level 1.7 Unarmed Combat
 + Level 5.2 Spellcasting
 + Level 1.3 Conjurations
 + Level 1.3 Hexes
 + Level 5.6 Charms
 + Level 1.3 Summonings
 + Level 1.3 Necromancy
 + Level 1.3 Translocations
 + Level 1.3 Transmutations
 + Level 1.3 Fire Magic
 + Level 1.3 Ice Magic
 + Level 1.3 Air Magic
 + Level 1.3 Earth Magic
 + Level 1.3 Poison Magic
 + Level 1.9 Invocations
 + Level 1.7 Evocations


You had 4 spell levels left.
You knew the following spells:

 Your Spells              Type           Power        Failure   Level  Hunger
g - Shroud of Golubria    Chrm/Tloc      ###.......   6%          2    #......
i - Infusion              Chrm           ###.         1%          1    None
r - Regeneration          Chrm/Necr      ###.......   13%         3    ###....
w - Spectral Weapon       Hex/Chrm       ###.....     13%         3    ###....
y - Song of Slaying       Chrm           ###.....     2%          2    #......


Dungeon Overview and Level Annotations

Branches:
Dungeon (4/15)
 Temple: D:4-7

Altars:
Ashenzari

Annotations:
D:2 Jessica


Innate Abilities, Weirdness & Mutations

Your experience applies equally to all skills.
You have very sharp teeth.
Your uncanny sense of smell can sniff out nearby items.


Message History

You see here a giant cockroach corpse.
You butcher the giant cockroach corpse.
Eat a chunk of flesh? (ye/n/q)
You eat the chunk of flesh.
This raw flesh tastes terrible.
You are feeling very hungry.
You eat one of the 2 rations.
That ration really hit the spot!
Adjust (i)tems, (s)pells, or (a)bilities?
Adjust which item? (? for menu, Esc to quit)
d - a ration Adjust to which letter? (? for menu, Esc to quit)
c - a ration;
d - a book of Battle
Things that are here:
a spear; a gnoll corpse You see here a shiny cabochon ring.
g - a shiny cabochon ring Put on which piece of jewellery? (? for menu, Esc to quit)
Oops, that ring feels deathly cold.
g - a cursed -2 ring of evasion (left hand)
Okay, then.
Adjust (i)tems, (s)pells, or (a)bilities?
Adjust which item? (? for menu, Esc to quit)
e - a scroll of identify Adjust to which letter? (? for menu, Esc to quit)
i - a scroll of identify;
e - a brown potion
As you read the scroll of identify, it crumbles to dust.
l - a potion of curing
Found 3 needles of sleeping.
A gnoll and an orc come into view.
Found an inky potion.
You feel yourself speed up.
Casting: Shroud of Golubria
Confirm with . or Enter, or press ? or * to list all spells.
Your skin crawls.
You recover from your berserk rage.
Your skin is crawling a little less now.
A quokka comes into view.
Casting: Regeneration
Confirm with . or Enter, or press ? or * to list all spells.
You draw out your weapon's spirit!
The gnoll shouts!
Your skin stops crawling.
You barely miss the quokka.
Your spectral weapon barely misses the quokka.
The quokka bites you.
* * * LOW HITPOINT WARNING * * *
You barely miss the quokka.
Your spectral weapon hits the quokka!
You kill the quokka!
You swap places.
The gnoll closely misses you.
You hit the gnoll. Your punch misses the gnoll.
The gnoll is heavily wounded.
Your spectral weapon hits the gnoll!
You kill the gnoll!
You see here a scroll of identify.
As you read the scroll of identify, it crumbles to dust.
k - a potion of resistance You see here an inky potion.
i - an inky potion You swap places.
An orc priest comes into view.
Your spectral weapon fades away.
The orc shouts!
The orc priest shouts!
An orc comes into view. It is wielding a whip.
The orc closely misses you. The orc hits you.
* * * LOW HITPOINT WARNING * * *
Casting: Spectral Weapon
Confirm with . or Enter, or press ? or * to list all spells.
You draw out your weapon's spirit!
The orc completely misses you.
You hit the orc but do no damage.
Your spectral weapon misses the orc.
Your spectral weapon hits the orc priest.
The orc priest closely misses your spectral weapon.
The orc barely misses you.
You swap places.
An orc comes into view. It is wielding a short sword.
The orc priest hits you.
* * * LOW HITPOINT WARNING * * *
The orc hits you.
* * * LOW HITPOINT WARNING * * *
You barely miss the orc priest.
The orc priest is moderately wounded.
You hit the orc but do no damage.
Your spectral weapon hits the orc priest!
The orc priest invokes the aid of Beogh against you.
Beogh smites you!
* * * LOW HITPOINT WARNING * * *
The orc barely misses you.
You barely miss the orc priest.
The orc priest is severely wounded.
You closely miss the orc.
Your spectral weapon hits the orc priest but does no damage.
The orc priest hits you but does no damage.
The orc barely misses you.
You hit the orc priest.
You kill the orc priest!
You have reached level 6!
Your experience leads to an increase in your attributes!
Increase (S)trength, (I)ntelligence, or (D)exterity?
You feel clever.
You hit the orc but do no damage. The orc hits you.
You die...

#.......##..#.##.##
#####...##..#.#...
######..# ... #####
#..###.# .....
#....#.# #
......#(.....##.#
......#.#.......#
......[(.#.######
.....#@.#.#
.....#.o#.# ####
#..#.# #..#.#
####.# #.# #.#


You could see an orc and a friendly spectral hand axe.

Vanquished Creatures
  A hungry ghost (D:4)
  An orc priest (D:4)
  4 gnolls (D:4)
  An adder (D:2)
  A leopard gecko (D:1)
  An orc (D:3)
  3 bats
  3 giant cockroaches
  A goblin (D:1)
  2 hobgoblins (D:2)
  A quokka (D:4)
  A ball python (D:1)
  A rat (D:2)
21 creatures vanquished.

Notes
Turn   | Place    | Note
-------+----------+-------------------------------------------
     0 | D:1      | tidbits the Gnoll Skald began the quest for the Orb.
     0 | D:1      | Reached XP level 1. HP: 20/20 MP: 6/6
   130 | D:1      | Reached XP level 2. HP: 26/26 MP: 1/7
   134 | D:1      | Learned a level 2 spell: Song of Slaying
   137 | D:1      | Learned a level 2 spell: Shroud of Golubria
   173 | D:2      | Noticed Jessica
   234 | D:3      | Reached XP level 3. HP: 31/31 MP: 1/9
   239 | D:3      | Learned a level 3 spell: Regeneration
   243 | D:3      | Learned a level 3 spell: Spectral Weapon
   276 | D:4      | Reached skill level 5 in Spellcasting
   278 | D:4      | Found a shattered altar of Ashenzari.
   278 | D:4      | Noticed a hungry ghost
   295 | D:4      | Killed a hungry ghost
   295 | D:4      | Reached skill level 1 in Short Blades
   295 | D:4      | Reached skill level 1 in Long Blades
   295 | D:4      | Reached skill level 1 in Maces & Flails
   295 | D:4      | Reached skill level 1 in Polearms
   295 | D:4      | Reached skill level 1 in Staves
   295 | D:4      | Reached skill level 1 in Slings
   295 | D:4      | Reached skill level 1 in Bows
   295 | D:4      | Reached skill level 1 in Crossbows
   295 | D:4      | Reached skill level 1 in Throwing
   295 | D:4      | Reached skill level 3 in Armour
   295 | D:4      | Reached skill level 1 in Stealth
   295 | D:4      | Reached skill level 1 in Shields
   295 | D:4      | Reached skill level 1 in Unarmed Combat
   295 | D:4      | Reached skill level 1 in Conjurations
   295 | D:4      | Reached skill level 1 in Hexes
   295 | D:4      | Reached skill level 1 in Summonings
   295 | D:4      | Reached skill level 1 in Necromancy
   295 | D:4      | Reached skill level 1 in Translocations
   295 | D:4      | Reached skill level 1 in Transmutations
   295 | D:4      | Reached skill level 1 in Fire Magic
   295 | D:4      | Reached skill level 1 in Ice Magic
   295 | D:4      | Reached skill level 1 in Air Magic
   295 | D:4      | Reached skill level 1 in Earth Magic
   295 | D:4      | Reached skill level 1 in Poison Magic
   295 | D:4      | Reached skill level 1 in Invocations
   295 | D:4      | Reached skill level 1 in Evocations
   295 | D:4      | Reached XP level 4. HP: 7/38 MP: 2/11
   295 | D:4      | Reached XP level 5. HP: 8/43 MP: 2/12
   297 | D:4      | HP: 3/64 [gnoll/spear (5)]
   366 | D:4      | HP: 3/43 [orc priest/divine providence (10)]
   368 | D:4      | Reached XP level 6. HP: 4/50 MP: 3/13
   368 | D:4      | Slain by an orc

Skill      XL: |  1  2  3 |
---------------+----------+-----
Spellcasting   | 5 |  5.2
Short Blades   | 1 |  1.7
Long Blades    | 1 |  1.7
Maces & Flails | 1 |  1.7
Polearms       | 1 |  1.7
Staves         | 1 |  1.7
Slings         | 1 |  1.7
Bows           | 1 |  1.7
Crossbows      | 1 |  1.7
Throwing       | 1 |  1.7
Armour         | 3 |  3.1
Stealth        | 1 |  1.7
Shields        | 1 |  1.7
Unarmed Combat | 1 |  1.7
Conjurations   | 1 |  1.3
Hexes          | 1 |  1.3
Summonings     | 1 |  1.3
Necromancy     | 1 |  1.3
Translocations | 1 |  1.3
Transmutations | 1 |  1.3
Fire Magic     | 1 |  1.3
Ice Magic      | 1 |  1.3
Air Magic      | 1 |  1.3
Earth Magic    | 1 |  1.3
Poison Magic   | 1 |  1.3
Invocations    | 1 |  1.9
Evocations     | 1 |  1.7
Fighting       | |  4.9
Axes           | |  4.9
Dodging        | |  4.9
Charms         | |  5.6

Action                   |  1- 3 |  4- 6 || total
-------------------------+-------+-------++-------
Melee: Hand axe          |    45 |    11 ||    56
       Bite              |     4 |       ||     4
 Cast: Infusion          |     6 |       ||     6
       Spectral Weapon   |     1 |     2 ||     3
       Shroud of Golubri |     1 |       ||     1
       Regeneration      |       |     1 ||     1
  Use: Scroll            |     2 |     2 ||     4
       Potion            |     1 |       ||     1
 Stab: Sleeping          |     1 |       ||     1
  Eat: Ration            |       |     1 ||     1
       Chunk             |       |     1 ||     1
Armor: Leather armour    |    15 |     1 ||    16
Dodge: Dodged            |    38 |     9 ||    47

Table legend:
 A = Turns spent in this place as a percentage of turns spent in the entire game.
 B = Non-inter-level travel turns spent in this place as a percentage of non-inter-level travel turns spent in the entire game.
 C = Inter-level travel turns spent in this place as a percentage of turns spent in this place.
 D = Turns resting spent in this place as a percentage of non-inter-level travel turns spent in this place.
 E = Turns spent auto-exploring this place as a percentage of non-inter-level travel turns spent in this place.
 F = Non-inter-level travel turns spent in this place divided by the number of levels of this place that you've seen.
                   A       B       C       D       E      F
               +-------+-------+-------+-------+-------+----------------------
         Total | 100.0 | 100.0 |   0.0 |   0.0 |   0.0 |  92.0
       Dungeon | 100.0 | 100.0 |   0.0 |   0.0 |   0.0 |  92.0
               +-------+-------+-------+-------+-------+----------------------

Table legend:
 A = Kills in this place as a percentage of kills in entire the game.
 B = Kills by you in this place as a percentage of kills by you in the entire game.
 C = Kills by friends in this place as a percentage of kills by friends in the entire game.
 D = Other kills in this place as a percentage of other kills in the entire game.
 E = Experience gained in this place as a percentage of experience gained in the entire game.
 F = Experience gained in this place divided by the number of levels of this place that you have seen.
                   A       B       C       D       E      F
               +-------+-------+-------+-------+-------+----------------------
         Total | 100.0 | 100.0 |   N/A |   N/A | 100.0 |  83.8
       Dungeon | 100.0 | 100.0 |   N/A |   N/A | 100.0 |  83.8
               +-------+-------+-------+-------+-------+----------------------

Vault maps used:
D:1:      dpeg_arrival_renting
D:2:      columned_hall_lemuel, nicolae_tso_swordbearing_angel, uniq_jessica
D:3:      cheibrodos_old_hovel, overflow_temple_1_default, first_ration,
          uniq_ijyb, uniq_grinder, uniq_sigmund
D:4:      ashenzari_altar_1, old_standard_altar
